 Dungeon Sprint DCSS version 0.31.0-12-g77e489cdc1 (webtiles) character file.

Game seed: 11462641406953195513

38 boopmooplesden the Twirler (level 3, 0/31 HPs)
             Began as a Minotaur Gladiator on Feb 18, 2024.
             Was a Believer of Trog.
             Slain by an orc warrior
             ... wielding a +0 halberd
              (7 damage)
             ... in the Dungeon (Sprint VII: "The Pits").
             The game lasted 00:00:44 (496 turns).

boopmooplesden the Twirler (Minotaur Gladiator)      Turns: 496, Time: 00:00:45

Health: 0/31       AC:  3    Str: 20    XL:     3   Next: 25%
Magic:  2/2        EV: 13    Int:  5    God:    Trog [**....]
Gold:   0          SH:  0    Dex: 11    Spells: 2/2 levels left

rFire   . . .        l - +2 quarterstaff
rCold   . . .        (shield currently unavailable)
rNeg    . . .        b - +0 leather armour
rPois   .            c - +0 hat
rElec   .            (no cloak)
rCorr   .            (no gloves)
SInv    .            (no boots)
Will    .....        (no amulet)
Stlth   +            (no ring)
HPRegen 0.25/turn    (no ring)
MPRegen 0.08/turn

%: no teleportation
@: on berserk cooldown, slowed, very slow
A: horns 2, retaliatory headbutt
a: Renounce Religion, Berserk, Trog's Hand


You were in the Dungeon.
You worshipped Trog.
Trog was pleased with you.
You visited 1 branch

Inventory:

Hand Weapons
 a - a +0 quarterstaff
 l - a +2 quarterstaff (weapon)
Missiles
 d - 3 throwing nets (quivered)
 e - a javelin
Armour
 b - a +0 leather armour (worn)
 c - a +0 hat (worn)
Scrolls
 k - a scroll of blinking
 n - 2 scrolls of vulnerability
 o - 5 scrolls of amnesia
 p - a scroll of summoning
Potions
 g - a potion of heal wounds
 h - a potion of haste
 i - 4 potions of magic
 j - 3 potions of berserk rage
 m - 2 potions of invisibility


   Skills:
 + Level 3.5 Fighting
 + Level 5.9 Staves
 + Level 2.8 Throwing
 + Level 1.8 Armour
 + Level 5.2 Dodging


You had 2 spell levels left.
You didn't know any spells.
Your spell library was empty.

Dungeon Overview and Level Annotations

Branches:
Dungeon (1/1)

Altars:
Cheibriados
Dithmenos
Elyvilon
Fedhas
Gozag
Hepliaklqana
Makhleb
Nemelex Xobeh
Okawaru
Qazlal
Ru
Sif Muna
Trog
Vehumet
Wu Jian
Xom
Yredelemnul
Zin
The Shining One
Jiyva
Lugonu


Innate Abilities, Weirdness & Mutations

You have a pair of horns on your head.
You reflexively headbutt those who attack you in melee.


Message History

You feel sick. The orc warrior misses you.
Items here: ( )) [ †.
You feel a strong urge to attack something.
You feel sick.
You are no longer poisoned.
You barely miss the orc warrior. You headbutt the orc warrior.
The orc warrior is lightly wounded.
A giant cockroach comes into view.
The orc warrior hits you with a +0 halberd!
You hit the orc warrior.
The orc warrior is moderately wounded.
You sock the orc!
You kill the orc!
Trog accepts your kill.
You are no longer berserk.
You are exhausted.
You feel yourself slow down. The orc warrior closely misses you.
The orc warrior barely misses you.
There is an open door, spattered with blood here.
Things that are here:
a +0 short sword; a +0 spear; an orc corpse You hit the giant cockroach but do no damage.
The giant cockroach bites you but does no damage.
The orc warrior barely misses you.
You closely miss the orc warrior. Your headbutt misses the orc warrior.
The orc warrior is moderately wounded.
The giant cockroach barely misses you.
The orc warrior hits you with a +0 halberd.
The giant cockroach closely misses you. You furiously retaliate!
You headbutt the giant cockroach.
You kill the giant cockroach!
Trog accepts your kill. The orc warrior closely misses you.
The orc warrior misses you.
You see here a giant cockroach corpse.
The orc warrior attacks as it pursues you!
The orc warrior hits you from afar with a +0 halberd!
* * * LOW HITPOINT WARNING * * *
The orc warrior hits you from afar with a +0 halberd!
You die...

#..(.')))'.##......#..#
##########.##..........
#...........'...........
+#####'#####......#..#.
#. #...'.##...........
#..#...#.#####'#####+
#..#####.##.......#
#..'...#)##.......#
#..'.@†o.##.......#
#..########...<...# #.
#.......# # #.......#
#.......# #########


You could see an orc warrior.

Vanquished Creatures
  A gnoll (D)
  2 adders (D)
  2 orcs (D)
  2 giant cockroaches (D)
  A kobold (D)
  2 frilled lizards (D)
10 creatures vanquished.

Notes
Turn   | Place    | Note
-------+----------+-------------------------------------------
     0 | D        | boopmooplesden the Minotaur Gladiator began the quest for
                  | the Orb.
     0 | D        | Reached XP level 1. HP: 18/18 MP: 0/0
    38 | D        | Found a bloodstained altar of Trog.
    38 | D        | Found a shimmering blue altar of Sif Muna.
    38 | D        | Found a viscous altar of Jiyva.
    38 | D        | Found a hazy altar of Hepliaklqana.
    38 | D        | Found an opulent altar of Gozag.
    39 | D        | Found a glowing golden altar of the Shining One.
    39 | D        | Found a glowing silver altar of Zin.
    39 | D        | Found a basalt altar of Yredelemnul.
    39 | D        | Found a shimmering altar of Xom.
    39 | D        | Found an ornate altar of the Wu Jian Council.
    39 | D        | Found a sacrificial altar of Ru.
    39 | D        | Found a stormy altar of Qazlal.
    39 | D        | Found an iron altar of Okawaru.
    39 | D        | Found a sparkling altar of Nemelex Xobeh.
    39 | D        | Found a burning altar of Makhleb.
    39 | D        | Found a blossoming altar of Fedhas.
    39 | D        | Found a white marble altar of Elyvilon.
    39 | D        | Found a shadowy altar of Dithmenos.
    39 | D        | Found a snail-covered altar of Cheibriados.
    41 | D        | Found a corrupted altar of Lugonu.
    41 | D        | Found a radiant altar of Vehumet.
    42 | D        | Became a worshipper of Trog the Wrathful
    67 | D        | Reached * piety under Trog
    68 | D        | Reached skill level 5 in Staves
    68 | D        | Reached XP level 2. HP: 16/25 MP: 1/1
    73 | D        | Reached skill level 1 in Armour
   469 | D        | Noticed an orc warrior
   483 | D        | Reached skill level 5 in Dodging
   483 | D        | Reached XP level 3. HP: 31/31 MP: 2/2
   486 | D        | Reached ** piety under Trog
   496 | D        | Slain by an orc warrior

Illustrated notes

Levels and vault maps discovered:
D:        pitsprint [storerooms_1, entrance_room_1, metal_vault_6, armoury_3,
          mini_pit_1, grid_room_1, main_hall_1, silver_pit, the_coven_3,
          the_vestibule_1, steel_vault_5, golden_pit, hallway_of_sentries,
          crystal_vault_2, iron_vault_3, final_vault]

Skill      XL: |  1  2 |
---------------+-------+-----
Staves         | 5 |  5.9
Dodging        | 4 5 |  5.2
Fighting       | 3 |  3.5
Armour         | 1 |  1.8
Throwing       | |  2.8

Action                     || total
---------------------------++-------
  Melee: Quarterstaff      ||    26
         Headbutt          ||     3
 Invoke: Berserk           ||     1
    Use: Potion            ||     1
 Armour: Leather armour    ||    18
  Dodge: Dodged            ||    26
